Map: Vaani Research Station (Void)

Players

Fropez

  • Race: Protoss Protoss
  • League: Gold
  • Spawn Location: 12:00

Antisaint - Winner!

  • Race: Zerg Zerg
  • League: Platinum
  • Spawn Location: 6:00

VOD

Have the link to the VOD?

Description

Time

  • Played on: Dec. 26, 2016, 5:21 a.m.
  • Length: 14:51
Show
View Real Time Build Order
Export as new Build Order

Fropez Protoss 

Build Orders: 1 Gate Expand 

Get SALT Encoding   

  12  0:01  Probe (Chrono Boost)  
  13  0:12  Probe (Chrono Boost)  
  14  0:22  Probe (Chrono Boost)  
  14  0:27  Pylon  
  15  0:45  Probe (Chrono Boost)  
  15  0:46  Gateway  
  16  0:51  Gateway  
  16  0:55  Probe (Chrono Boost)  
  17  1:00  Assimilator  
  17  1:06  Probe (Chrono Boost)  
  18  1:16  Probe (Chrono Boost)  
  19  1:27  Probe (Chrono Boost)  
  20  1:42  Nexus  
  20  1:48  Assimilator  
  20  1:58  Probe (Chrono Boost)  
  20  1:59  Pylon  
  21  2:04  Pylon  
  21  2:18  Probe (Chrono Boost)  
  22  2:33  Cybernetics Core  
  22  2:38  Probe (Chrono Boost), Cybernetics Core  
  22  2:49  Probe (Chrono Boost)  
  23  2:54  Probe (Chrono Boost)  
  24  2:59  Probe (Chrono Boost)  
  24  3:02  Assimilator  
  24  3:05  Probe (Chrono Boost)  
  26  3:11  Probe (Chrono Boost)  
  27  3:19  Probe (Chrono Boost)  
  28  3:27  Probe (Chrono Boost), Assimilator  
  29  3:34  Stargate  
  29  3:35  Probe (Chrono Boost)  
  29  3:38  Stargate  
  29  3:40  Mothership Core (Chrono Boost)  
  32  3:45  Probe (Chrono Boost)  
  32  3:47  Warp Gate  
  33  3:56  Probe (Chrono Boost)  
  33  3:59  Probe (Chrono Boost)  
  33  4:02  Stalker x2  
  39  4:07  Probe (Chrono Boost)  
  40  4:13  Probe (Chrono Boost)  
  40  4:16  Pylon  
  41  4:17  Probe (Chrono Boost)  
  41  4:21  Oracle  
  45  4:31  Oracle  
  46  4:49  Probe x2 (Chrono Boost)  
  46  4:59  Oracle  
  45  5:05  Probe x2 (Chrono Boost)  
  42  5:15  Fleet Beacon  
  42  5:17  Probe x2 (Chrono Boost)  
  38  5:38  Probe x2 (Chrono Boost)  
  40  5:49  Void Ray  
  41  5:50  Probe x2 (Chrono Boost)  
  45  6:02  Probe (Chrono Boost)  
  46  6:10  Probe (Chrono Boost)  
  47  6:11  Void Ray  
  47  6:14  Probe (Chrono Boost)  
  52  6:22  Probe (Chrono Boost)  
  54  6:26  Probe (Chrono Boost)  
  52  6:44  Probe (Chrono Boost)  
  52  6:45  Probe (Chrono Boost)  
  52  6:46  Pylon  
  54  6:57  Pylon  
  54  7:01  Pylon  
  54  7:03  Void Ray  
  54  7:05  Probe x2 (Chrono Boost)  
  60  7:15  Cybernetics Core  
  60  7:18  Pylon, Probe x2 (Chrono Boost)  
  66  7:33  Probe (Chrono Boost)  
  66  7:34  Probe (Chrono Boost), Protoss Air Weapons Level 1  
  68  7:45  Zealot x2  
  68  7:49  Pylon, Carrier  
  68  7:51  Probe x2 (Chrono Boost)  
  74  7:52  Void Ray  
  80  8:34  Carrier  
  86  8:49  Probe x2 (Chrono Boost)  
  86  8:58  Pylon  
  86  9:04  Pylon  
  86  9:11  Robotics Facility  
  86  9:12  Carrier  
  94  9:18  Probe x2 (Chrono Boost)  
  94  9:20  Pylon  
  94  9:25  Protoss Air Weapons Level 2  
  94  9:27  Protoss Air Armor Level 1  
  94  9:30  Probe x2 (Chrono Boost)  
  96  9:42  Probe x2 (Chrono Boost)  
  98  9:54  Probe (Chrono Boost)  
  99  10:08  Carrier  
  99  10:09  Probe x2 (Chrono Boost)  
  109  10:21  Observer, Probe (Chrono Boost)  
  109  10:38  Probe (Chrono Boost)  
  110  11:05  Protoss Air Armor Level 2  
  110  11:09  Pylon  
  110  11:11  Pylon  
  110  11:12  Pylon  
  110  11:26  Carrier  
  110  11:27  Observer  
  110  11:28  Probe (Chrono Boost)  
  118  11:34  Carrier  
  124  11:59  Twilight Council  
  124  12:00  Pylon  
  124  12:01  Gateway  
  124  12:02  Pylon  
  124  12:03  Gateway  
  124  12:04  Pylon  
  124  12:05  Pylon  
  124  12:06  Warp Prism  
  124  12:07  Pylon  
  126  12:19  Gateway  
  126  12:25  Charge, Gateway  
  126  12:37  Gateway  
  126  12:39  Gateway  
  126  12:40  Gateway  
  126  12:52  Carrier  
  132  12:59  Carrier  
  138  13:12  Zealot  
  138  13:13  Zealot  
  142  13:38  Zealot x4  
  150  13:56  Nexus, Forge  
  150  14:08  Zealot x4  
  150  14:09  Zealot  
Show
View Real Time Build Order
Export as new Build Order

Antisaint Zerg - Winner!

Build Orders: Hatch First 

Get SALT Encoding   

  12  0:02  Drone  
  13  0:09  Drone  
  14  0:16  Extractor  
  14  0:17  Drone  
  14  0:20  Extractor  
  13  0:23  Drone  
  16  0:48  Hatchery  
  15  0:53  Extractor  
  15  0:56  Overlord  
  14  1:15  Spawning Pool  
  13  1:22  Drone  
  13  1:23  Drone  
  15  1:36  Drone  
  15  1:37  Drone  
  17  1:45  Drone  
  18  2:05  Drone x2  
  20  2:12  Extractor  
  19  2:24  Drone x4  
  23  2:35  Metabolic Boost  
  23  2:49  Zergling x6  
  23  2:50  Zergling x4  
  28  2:58  Overlord  
  28  3:14  Baneling Nest  
  28  3:18  Zergling x4  
  28  3:19  Zergling x4  
  31  3:24  Evolution Chamber, Drone  
  31  3:35  Drone x2  
  31  3:36  Queen  
  31  3:38  Overlord  
  35  3:52  Pneumatized Carapace  
  35  3:54  Zerg Melee Weapons Level 1  
  35  4:00  Evolution Chamber  
  34  4:14  Drone, Hatchery  
  34  4:15  Drone x5  
  39  4:34  Drone x2  
  37  5:09  Queen  
  37  5:11  Spore Crawler  
  37  5:12  Spore Crawler  
  37  5:14  Spore Crawler  
  37  5:16  Spore Crawler  
  37  5:17  Spore Crawler  
  32  5:34  Zerg Missile Weapons Level 1  
  30  5:37  Lair  
  30  5:41  Drone x9  
  39  5:45  Drone x2  
  41  5:53  Baneling  
  41  5:54  Baneling  
  41  5:59  Zergling x2  
  41  6:00  Zergling x6  
  45  6:09  Drone x5  
  50  6:15  Extractor x2, Overlord, Drone  
  48  6:39  Queen  
  49  6:52  Drone  
  49  6:53  Drone x8  
  49  6:54  Hydralisk Den  
  57  6:58  Extractor  
  57  7:00  Extractor  
  55  7:08  Zergling x2  
  56  7:09  Zergling x4  
  58  7:15  Zerg Melee Weapons Level 2  
  58  7:16  Hatchery  
  58  7:17  Infestation Pit  
  56  7:26  Hatchery  
  55  7:40  Hatchery  
  55  7:56  Extractor  
  54  7:59  Extractor  
  54  8:02  Baneling  
  54  8:03  Baneling x6  
  53  8:22  Baneling x2  
  53  8:23  Baneling x2  
  53  8:26  Hydralisk  
  53  8:27  Hydralisk x4  
  56  8:50  Drone  
  56  8:51  Drone x7  
  64  9:05  Hydralisk  
  64  9:06  Hydralisk  
  68  9:10  Overlord x5  
  68  9:15  Overlord x4  
  68  9:20  Overseer  
  68  9:27  Queen, Muscular Augments  
  68  9:29  Zerg Missile Weapons Level 2  
  70  9:32  Zerg Ground Armor Level 1  
  70  9:34  Neural Parasite  
  70  9:37  Infestor  
  72  9:39  Overlord x4  
  72  9:48  Drone x8  
  72  9:50  Hydralisk x3  
  72  9:52  Hydralisk  
  86  9:53  Hydralisk  
  88  10:01  Burrow  
  88  10:14  Spire  
  88  10:16  Drone  
  88  10:17  Drone x12  
  100  10:22  Hydralisk  
  100  10:23  Hydralisk x3  
  108  10:34  Hydralisk  
  108  10:35  Hydralisk x3  
  116  10:45  Drone  
  117  10:53  Pathogen Glands  
  117  10:58  Extractor, Drone x4  
  117  10:59  Extractor, Drone  
  117  11:00  Drone x7  
  127  11:13  Hydralisk x7  
  141  11:31  Spore Crawler  
  140  11:35  Spore Crawler  
  140  11:37  Spore Crawler  
  132  11:56  Corruptor x11  
  132  11:57  Corruptor  
  156  12:06  Hive  
  156  12:49  Hydralisk  
  156  12:50  Hydralisk x7  
  172  12:52  Overlord  
  172  12:53  Overlord x6  
  172  12:57  Hatchery  
  171  12:59  Hatchery  
  170  13:20  Corruptor x6  
  170  13:21  Corruptor x4  
  190  13:31  Greater Spire  
  190  13:33  Hydralisk  
  190  13:34  Hydralisk x3  
  190  13:36  Overlord x2  
Tags
 
Add a new tag
Caveats
  • Supply blocks, unpowered buildings, or Contaminate may cause inaccurate times.
  • Supply counts are checked every 10 seconds.